 Dungeon Sprint DCSS version 0.23.2-1-ga50397a6bc (webtiles) character file.

Game seed: 13240426937858736504

7196 Ikoden the Fencer (level 11, -9/108 HPs)
             Began as a Hill Orc Fighter on May 15, 2019.
             Was a Priest of Beogh.
             Mangled by an orc high priest
             ... wielding a +0 glaive
              (10 damage)
             ... in the Dungeon (Sprint IX: "|||||||||||||||||||||||||||||").
             The game lasted 00:06:16 (3147 turns).

Ikoden the Fencer (Hill Orc Fighter)                Turns: 3147, Time: 00:06:17

Health: -9/108     AC: 15    Str: 28    XL:     11   Next: 11%
Magic:  8/11       EV: 14    Int:  8    God:    Beogh [***...]
Gold:   350        SH: 14    Dex: 10    Spells: 10/10 levels left

rFire    + . .     SeeInvis .   p - +2 scimitar (flame)
rCold    + . .     Gourm    .   c - +0 shield
rNeg     + . .     Faith    .   x - +3 scale mail {rN+}
rPois    +         Spirit   .   g - +0 helmet
rElec    +         Reflect  .   (no cloak)
rCorr    +         Harm     .   q - +0 pair of gloves
MR       .....     NoTele   +   r - +0 pair of boots
Stlth    ..........             (no amulet)
HPRegen  0.28/turn              u - +2 ring of protection
MPRegen  0.12/turn              t - +2 ring of evasion

@: mighty, resistant, berserk cooldown, very slightly contaminated, slowed,
invisible, very slow
A: deformed body, mutation resistance 1
a: Smiting, Renounce Religion


You were in the Dungeon.
You worshipped Beogh.
Beogh was most pleased with you.
You were hungry.

You visited 1 branch You collected 350 gold pieces.

Inventory:

Hand Weapons
 a - a +0 long sword
 p - a +2 scimitar of flaming (weapon)
Missiles
 h - 2 tomahawks (quivered)
Armour
 b - a +0 scale mail
 c - a +0 shield (worn)
 g - a +0 helmet (worn)
 q - a +0 pair of gloves (worn)
 r - a +0 pair of boots (worn)
 s - a +1 scale mail
 x - a +3 scale mail of positive energy (worn)
Jewellery
 t - a +2 ring of evasion (right hand)
 u - a +2 ring of protection (left hand)
Wands
 o - a wand of iceblast (10)
Scrolls
 k - 2 scrolls of blinking
 m - 4 scrolls of remove curse
 n - 2 scrolls of amnesia
 y - a scroll of identify
 z - a scroll of fear
 A - 4 scrolls of enchant armour
Potions
 e - a potion of curing
 i - 4 potions of magic
 j - 2 potions of berserk rage
 v - a potion of brilliance
Comestibles
 f - 10 rations


   Skills:
 + Level 13.9 Fighting
 + Level 16.0 Long Blades
 + Level 12.0 Armour
 + Level 5.2 Dodging
 + Level 0.9 Stealth
 + Level 14.5 Shields


You had 10 spell levels left.
You didn't know any spells.
Your spell library was empty.

Dungeon Overview and Level Annotations

Branches:
Dungeon (1/1)

Altars:
Cheibriados
Dithmenos
Elyvilon
Fedhas
Gozag
Hepliaklqana
Kikubaaqudgha
Makhleb
Nemelex Xobeh
Okawaru
Qazlal
Ru
Sif Muna
Trog
Uskayaw
Vehumet
Wu Jian
Xom
Yredelemnul
Zin
The Shining One
Beogh
Jiyva
Lugonu


Innate Abilities, Weirdness & Mutations

Armour fits poorly on your strangely shaped body.
You are somewhat resistant to further mutation.


Message History

The orc high priest barely misses you.
You riposte.
You hit the orc high priest. You burn the orc high priest.
The orc high priest is moderately wounded.
You feel protected.
The soul eater hits you but does no damage.
You block the orc high priest's attack. The soul eater hits you.
* * * LOW HITPOINT WARNING * * *
You closely miss the orc high priest.
The orc high priest is moderately wounded.
The orc high priest utters an invocation to Beogh.
The orc high priest calls down the wrath of Beogh upon you.
Pain shoots through your body!
* * * LOW HITPOINT WARNING * * *
The soul eater closely misses you.
You miss the orc high priest.
The orc high priest is moderately wounded.
The orc high priest mumbles some strange prayers to Beogh.
The orc high priest hits you with a +0 glaive!
You die...
Beogh appreciates the orc high priest's killing of a heretic priest.

▓▓▓▓▓▓▓▓▓▓▓▓▓▓▓▓▓▓▓▓▓▓▓▓▓▓▓▓
o....o))4.[4oooo@3.........▓
▓▓▓▓▓▓▓▓▓▓▓▓▓▓▓▓▓▓▓▓▓▓▓▓▓▓.▓
..........)................▓
▓▓▓▓▓▓▓▓▓▓▓▓▓▓▓▓▓▓▓▓▓▓▓▓▓▓▓▓
.....†.............'.......▓
▓▓▓▓▓▓▓▓▓▓▓▓▓▓▓▓▓▓▓▓▓▓▓▓▓▓.▓
...........................▓
▓▓▓▓▓▓▓▓▓▓▓▓▓▓▓▓▓▓▓▓▓▓▓▓▓▓▓▓
__________'.....'.....)...<▓


You could see an orc knight, a soul eater, 2 orc high priests, an ice devil and
an orc warrior.

Vanquished Creatures
  Erolcha (D)
  A hydra (D)
  An orc knight (D)
  An elephant (D)
  Psyche (D)
  5 spiny frogs (D)
  2 blink frogs (D)
  A hippogriff (D)
  A wyvern (D)
  3 yaks (D)
  3 vampire mosquitoes (D)
  A soldier ant (D)
  2 water moccasins (D)
  A phantom (D)
  5 orc warriors (D)
  An ogre (D)
  A wolf (D)
  3 crocodiles (D)
  4 bullfrogs (D)
  A wight (D)
  A jelly (D)
  4 hounds (D)
  2 orc wizards (D)
  An iguana (D)
  A worker ant (D)
  An adder (D)
  A dart slug (D)
  5 orcs (D)
  A bat skeleton (D)
  2 giant cockroaches (D)
  A goblin (D)
  A ball python skeleton (D)
  A giant cockroach zombie (D)
  A rat (D)
62 creatures vanquished.

Vanquished Creatures (others)
  An orc priest (D)
  An orc (D)
2 creatures vanquished.

Grand Total: 64 creatures vanquished

Notes
Turn   | Place    | Note
-------+----------+-------------------------------------------
     0 | D        | Ikoden the Hill Orc Fighter began the quest for the Orb.
     0 | D        | Reached XP level 1. HP: 19/19 MP: 1/1
    16 | D        | Reached XP level 2. HP: 28/28 MP: 2/2
    26 | D        | Reached skill level 5 in Fighting
    26 | D        | Reached skill level 3 in Long Blades
    26 | D        | Reached skill level 5 in Armour
    26 | D        | Reached skill level 5 in Shields
    26 | D        | Reached XP level 3. HP: 32/36 MP: 3/3
    44 | D        | Reached XP level 4. HP: 25/44 MP: 4/4
   277 | D        | Found a roughly hewn altar of Beogh.
   277 | D        | Found a snail-covered altar of Cheibriados.
   277 | D        | Found a shadowy altar of Dithmenos.
   277 | D        | Found a white marble altar of Elyvilon.
   277 | D        | Found a blossoming altar of Fedhas.
   277 | D        | Found an opulent altar of Gozag.
   278 | D        | Found a hazy altar of Hepliaklqana.
   279 | D        | Found a viscous altar of Jiyva.
   280 | D        | Found an ancient bone altar of Kikubaaqudgha.
   281 | D        | Found a corrupted altar of Lugonu.
   282 | D        | Found a burning altar of Makhleb.
   283 | D        | Found a sparkling altar of Nemelex Xobeh.
   284 | D        | Found an iron altar of Okawaru.
   285 | D        | Found a stormy altar of Qazlal.
   286 | D        | Found a sacrificial altar of Ru.
   287 | D        | Found a deep blue altar of Sif Muna.
   288 | D        | Found a bloodstained altar of Trog.
   289 | D        | Found a hide-covered altar of Uskayaw.
   290 | D        | Found a radiant altar of Vehumet.
   291 | D        | Found an ornate altar of the Wu Jian Council.
   292 | D        | Found a shimmering altar of Xom.
   293 | D        | Found a basalt altar of Yredelemnul.
   294 | D        | Found a glowing silver altar of Zin.
   295 | D        | Found a glowing golden altar of the Shining One.
   336 | D        | Noticed an ogre
   341 | D        | Reached skill level 4 in Long Blades
   346 | D        | Reached XP level 5. HP: 45/52 MP: 5/5
   351 | D        | Reached skill level 5 in Long Blades
   355 | D        | Killed an ogre
   355 | D        | Reached skill level 6 in Long Blades
   355 | D        | Reached skill level 1 in Dodging
   355 | D        | Reached XP level 6. HP: 55/61 MP: 6/6
   388 | D        | Noticed a vampire mosquito
   388 | D        | Noticed a soldier ant
   388 | D        | Noticed a phantom
   393 | D        | Killed a phantom
   393 | D        | Reached skill level 7 in Long Blades
   395 | D        | Reached skill level 8 in Long Blades
   406 | D        | Reached XP level 7. HP: 68/70 MP: 7/7
   414 | D        | Killed a soldier ant
   414 | D        | Reached skill level 9 in Long Blades
   431 | D        | Killed a vampire mosquito
   575 | D        | Gained mutation: Armour fits poorly on your strangely
                  | shaped body. [potion of mutation]
   575 | D        | Gained mutation: You are somewhat resistant to further
                  | mutation. [potion of mutation]
   780 | D        | Noticed a hippogriff
   780 | D        | Noticed a yak
   780 | D        | Noticed a spiny frog
   780 | D        | Noticed a yak
   784 | D        | Noticed a spiny frog
   785 | D        | Killed a yak
   785 | D        | Reached skill level 10 in Long Blades
   787 | D        | Noticed a yak
   790 | D        | Killed a spiny frog
   790 | D        | Reached skill level 10 in Fighting
   790 | D        | Reached skill level 11 in Long Blades
   790 | D        | Reached skill level 10 in Shields
   790 | D        | Reached XP level 8. HP: 62/80 MP: 8/8
   792 | D        | Killed a yak
   806 | D        | Killed a hippogriff
   806 | D        | Reached skill level 12 in Long Blades
   814 | D        | Killed a spiny frog
   814 | D        | Reached XP level 9. HP: 49/89 MP: 9/9
  1008 | D        | Noticed an elephant
  1008 | D        | Noticed a five-headed hydra
  1008 | D        | Noticed a spiny frog
  1015 | D        | Killed a one-headed hydra
  1015 | D        | Reached skill level 13 in Long Blades
  1015 | D        | Reached skill level 10 in Armour
  1028 | D        | Killed a spiny frog
  1028 | D        | Reached skill level 14 in Long Blades
  1043 | D        | Reached XP level 10. HP: 60/99 MP: 10/10
  1051 | D        | Killed an elephant
  1460 | D        | Noticed a spiny frog
  1460 | D        | Noticed a spiny frog
  1477 | D        | Killed a spiny frog
  1477 | D        | Reached skill level 15 in Long Blades
  1491 | D        | Killed a spiny frog
  2029 | D        | Noticed Erolcha
  2044 | D        | Killed Erolcha
  2044 | D        | Reached skill level 5 in Dodging
  2305 | D        | Noticed Psyche
  2312 | D        | Killed Psyche
  2343 | D        | Became a worshipper of Beogh the Brigand
  2365 | D        | Reached * piety under Beogh
  2376 | D        | Reached ** piety under Beogh
  3083 | D        | Noticed an orc high priest
  3083 | D        | Noticed an orc knight
  3090 | D        | Reached XP level 11. HP: 80/108 MP: 11/11
  3091 | D        | Noticed an orc knight
  3095 | D        | Killed an orc knight
  3098 | D        | Noticed an orc high priest
  3131 | D        | Reached *** piety under Beogh
  3131 | D        | Reached skill level 16 in Long Blades
  3144 | D        | Noticed a soul eater
  3144 | D        | HP: 5/108 [soul eater/drain life[an orc high priest] (9)]
  3146 | D        | HP: 1/108 [orc high priest/nerve-wracking pain (2)]
  3147 | D        | Mangled by an orc high priest

Skill      XL: |  1  2  3  4  5  6  7  8  9 10 11 |
---------------+----------------------------------+-----
Fighting       | 4 5 6 7 8 9 10 11 12 13 | 13.9
Shields        | 4 5 6 7 9 10 11 12 14 | 14.5
Armour         | 4 5 6 7 8 9 10 11 12 | 12.0
Long Blades    | 3 4 6 8 11 12 14 15 16 | 16.0
Dodging        | 1 3 4 5 |  5.2
Stealth        | |  0.9

Action                   |  1- 3 |  4- 6 |  7- 9 | 10-12 || total
-------------------------+-------+-------+-------+-------++-------
Melee: Long sword        |    34 |     2 |       |       ||    36
       Scimitar          |       |    39 |   105 |   123 ||   267
Invok: Convert to Beogh  |       |       |       |     1 ||     1
       Smiting           |       |       |       |     1 ||     1
  Use: Potion            |       |       |     3 |    14 ||    17
  Eat: Ration            |       |       |     1 |     1 ||     2
Armor: Scale mail        |    14 |    10 |    21 |    16 ||    61
Dodge: Dodged            |    10 |    16 |    19 |    24 ||    69
Block: Shield            |    14 |    23 |    54 |    54 ||   145
       Rpst.: Long sword |     4 |       |       |       ||     4
       Scimitar          |       |     7 |     6 |    10 ||    23
